 Dungeon Crawl Stone Soup version 0.29.1-2-gbd0b4ee654 (webtiles) character file.

Game seed: 12704286209174446437

48 DildoBatman the Conjurer (level 4, 0/26 (30) HPs)
             Began as a Formicid Conjurer on Nov 21, 2022.
             Slain by a quokka (2 damage)
             ... on level 3 of the Dungeon.
             The game lasted 00:02:52 (1463 turns).

DildoBatman the Conjurer (Formicid Conjurer)        Turns: 1463, Time: 00:02:52

HP:   0/26 (30)     AC:  3    Str: 12    XL:     4   Next: 0%
MP:   7/7           EV: 12    Int: 19    God:
Gold: 80            SH:  0    Dex: 12    Spells: 4/7 levels left

rFire   . . .      SeeInvis +   a - +0 spear
rCold   . . .      Faith    .   (no shield)
rNeg    . . .      Spirit   .   k - +0 robe
rPois   .          Reflect  .   (helmet unavailable)
rElec   .          Harm     .   f - +0 cloak
rCorr   .          Rampage  .   (no gloves)
Will    .....                   (no boots)
Stlth   ++........              (no amulet)
HPRegen 0.08/turn               (no ring)
MPRegen 0.10/turn               (no ring)

@: heavily drained
A: permanent stasis, dig shafts and tunnels, antennae 3, four strong arms
a: Dig, Shaft Self


You were on level 3 of the Dungeon.
You visited 1 branch of the dungeon, and saw 3 of its levels.

You collected 80 gold pieces.

Inventory:

Hand Weapons
 a - a +0 spear (weapon)
 g - a +0 club
Missiles
 d - 29 stones
Armour
 f - a +0 cloak (worn)
 k - a +0 robe (worn)
 m - a +0 pair of gloves
Magical Staves
 l - a staff of death
Scrolls
 c - a scroll of vulnerability {unknown}
 e - a scroll of acquirement {unknown}
 h - 2 scrolls of poison {unknown}
 i - a scroll of teleportation {unknown}
 j - 2 scrolls of identify {unknown}
Potions
 b - a potion of magic


   Skills:
 - Level 1.7 Dodging
 - Level 2.4 Stealth
 - Level 2.1 Spellcasting
 * Level 4.8 Conjurations


You had 4 spell levels left.
You knew the following spells:

 Your Spells              Type           Power      Damage    Failure   Level
a - Searing Ray           Conj           40%        2d5       3%          2
c - Magic Dart            Conj           80%        1d7       2%          1

Your spell library contained the following spells:

 Spells                   Type           Power      Damage    Failure   Level
 Conjure Flame            Conj/Fire      11%        6-21      19%         3
 Dazzling Flash           Conj/Hex       22%        N/A       19%         3
 Ignite Poison            Fire/Tmut/Pois 2%         N/A       45%         3
 Fulminant Prism          Conj/Hex       5%         3d7       52%         4
 Iskenderun's Mystic Bla  Conj/Tloc      11%        2d4       52%         4
 Sticky Flame             Conj/Fire      11%        2d3       52%         4


Dungeon Overview and Level Annotations

Branches:
Dungeon (2/15)

Altars:


Innate Abilities, Weirdness & Mutations

You cannot be hasted, slowed, berserked, paralysed or teleported.
You can dig through walls and to a lower floor.
You have a pair of large antennae on your head. (SInv)
Your four strong arms can wield two-handed weapons with a shield.


Message History

Orders for allies: a - Attack new target. r - Retreat! s - Stop attacking. g - Guard the area. f - Follow me.
Anything else - Cancel.
You shout for attention!
The quokka bites you. What are your orders? t - Shout!
Orders for allies: a - Attack new target. r - Retreat! s - Stop attacking. g - Guard the area. f - Follow me.
Anything else - Cancel.
You shout for attention!
The quokka bites you. What are your orders? t - Shout!
Orders for allies: a - Attack new target. r - Retreat! s - Stop attacking. g - Guard the area. f - Follow me.
Anything else - Cancel.
You shout for attention!
The quokka misses you. What are your orders? t - Shout!
Orders for allies: a - Attack new target. r - Retreat! s - Stop attacking. g - Guard the area. f - Follow me.
Anything else - Cancel.
You shout for attention!
The quokka misses you. The quokka bites you. What are your orders? t - Shout!
Orders for allies: a - Attack new target. r - Retreat! s - Stop attacking. g - Guard the area. f - Follow me.
Anything else - Cancel.
You shout for attention!
The quokka bites you.
You die...

##### .##.#
##. #.# #..
#.# #.# #.#
##.###.#
#.@r...#
#.......##.#
.(...#...##.#
......((..#.#
.....[......#
###.####...##
... .###. #.
. ..


You could see a quokka.

Vanquished Creatures
  An adder (D:2)
  5 ball pythons
  6 bats
  2 endoplasms
  2 goblins (D:1)
  7 hobgoblins
  4 jackals (D:2)
  A kobold (D:1)
  A quokka (D:1)
  2 frilled lizards (D:1)
  6 rats
37 creatures vanquished.

Notes
Turn   | Place    | Note
-------+----------+-------------------------------------------
     0 | D:1      | DildoBatman the Formicid Conjurer began the quest for the
                  | Orb.
     0 | D:1      | Reached XP level 1. HP: 13/13 MP: 3/3
   276 | D:1      | Found a faded altar of an unknown god.
   370 | D:1      | Reached skill level 4 in Conjurations
   370 | D:1      | Reached XP level 2. HP: 19/19 MP: 1/5
   373 | D:1      | Learned a level 2 spell: Searing Ray
   772 | D:1      | Reached XP level 3. HP: 21/24 MP: 4/6
  1425 | D:2      | Reached XP level 4. HP: 29/30 MP: 3/7
  1427 | D:2      | You fall into a shaft and drop 1 floor!
  1463 | D:3      | Slain by a quokka

Illustrated notes

Levels and vault maps discovered:
D:1:      nicolae_arrival_somewhat_less_tricky_arrival, layout_basic,
          ebering_ecumenical_altar_box
D:2:      layout_loops_corners, grunt_decor_resistance, chequers_mini_garden
D:3:      layout_loops_ring, kiku_gazebo_pond_becter,
          cheibrodos_sewer_entry_sluice, hangedman_decor_push,
          kennysheep_generic_room_9, uniq_sigmund

Skill      XL: |  1 |
---------------+----+-----
Conjurations   | 4 |  4.8
Dodging        | |  1.7
Stealth        | |  2.4
Spellcasting   | |  2.1

Action                   |  1- 3 |  4- 6 || total
-------------------------+-------+-------++-------
Melee: Club              |    16 |       ||    16
       Spear             |     5 |       ||     5
       Punch             |     1 |       ||     1
 Cast: Magic Dart        |    54 |       ||    54
       Searing Ray       |     1 |       ||     1
 Abil: Dig               |       |     1 ||     1
       Shaft Self        |       |     1 ||     1
 Stab: Sleeping          |     1 |       ||     1
Armor: Robe              |    11 |     1 ||    12
Dodge: Dodged            |    31 |    16 ||    47
